 Dungeon Crawl Stone Soup version 0.29-a0-451-gfbfa42419e (webtiles) character file.

Game seed: 11674824813205800109

44 Bruhh the Chiller (level 3, 0/24 HPs)
             Began as a Barachi Ice Elementalist on May 19, 2022.
             Was a Follower of Makhleb.
             Slain by a hobgoblin (3 damage)
             ... on level 1 of the Dungeon.
             The game lasted 00:01:33 (1426 turns).

Bruhh the Chiller (Barachi Ice Elementalist)        Turns: 1426, Time: 00:01:34

Health: 0/24       AC:  3    Str:  9    XL:     3   Next: 62%
Magic:  5/8        EV: 12    Int: 17    God:    Makhleb [*.....]
Gold:   22         SH:  0    Dex: 12    Spells: 8/9 levels left

rFire   . . .      SeeInvis .   e - +0 hand axe (flame)
rCold   . . .      Faith    .   (no shield)
rNeg    . . .      Spirit   .   a - +0 robe
rPois   .          Reflect  .   (no helmet)
rElec   .          Harm     .   (no cloak)
rCorr   .          Rampage  .   i - +0 pair of gloves
Will    .....                   (no boots)
Stlth   ++........              (no amulet)
HPRegen 0.08/turn               (no ring)
MPRegen 0.11/turn               (no ring)

@: slow
A: amphibious, slowness 1, strong legs 1, +LOS
a: Hop, Renounce Religion


You were on level 1 of the Dungeon.
You worshipped Makhleb.
Makhleb was aware of your devotion.
You visited 1 branch of the dungeon, and saw 2 of its levels.

You collected 22 gold pieces.

Inventory:

Hand Weapons
 e - a +0 hand axe of flaming (weapon)
Missiles
 f - 3 datura-tipped darts
Armour
 a - a +0 robe (worn)
 i - a +0 pair of gloves (worn)
Jewellery
 g - a ring of fire
Scrolls
 d - a scroll of teleportation {unknown}
Potions
 b - a potion of magic
 c - a potion of lignification {unknown}
 h - a potion of curing {unknown}


   Skills:
 - Level 2.1 Dodging
 - Level 1.7 Stealth
 + Level 3.9 Spellcasting
 - Level 5.0 Ice Magic


You had 8 spell levels left.
You knew the following spells:

 Your Spells              Type           Power      Damage    Failure   Level
a - Freeze                Ice            80%        1d9       1%          1

Your spell library contained the following spells:

 Spells                   Type           Power      Damage    Failure   Level
 Frozen Ramparts          Ice            40%        1d6       6%          3
 Ozocubu's Armour         Ice            20%        N/A       6%          3
 Hailstorm                Conj/Ice       11%        3d5       50%         4


Dungeon Overview and Level Annotations

Branches:
Dungeon (2/15)

Altars:
Makhleb


Innate Abilities, Weirdness & Mutations

You are amphibious.
You cover ground slowly.
You can hop short distances.
You have an extended range of vision and can be seen from far away.


Message History

You climb upwards.
There is a stone staircase leading down here.
Casting: Freeze (safe; 1% risk of failure)
Confirm with . or Enter, or press ? or * to list all spells.
Aiming: Freeze (safe; 1% risk of failure)
Press: ? - help, Shift-Dir - straight line, f - gnoll
Aim: a gnoll, wielding a +0 flail You freeze the gnoll!
The gnoll is severely wounded.
The hobgoblin hits you.
* * * LOW HITPOINT WARNING * * *
The quokka bites you.
* * * LOW HITPOINT WARNING * * *
The giant cockroach closely misses you. The hobgoblin closely misses you.
The gnoll closely misses you.
Casting: Freeze (safe; 1% risk of failure)
Confirm with . or Enter, or press ? or * to list all spells.
Aiming: Freeze (safe; 1% risk of failure)
Press: ? - help, Shift-Dir - straight line, f/p - gnoll
Aim: a gnoll, wielding a +0 flail (severely wounded)
You freeze the gnoll.
You kill the gnoll!
Makhleb accepts your kill. The hobgoblin hits you.
* * * LOW HITPOINT WARNING * * *
The quokka misses you. The giant cockroach misses you.
The hobgoblin misses you.
Casting: Freeze (safe; 1% risk of failure)
Confirm with . or Enter, or press ? or * to list all spells.
Aiming: Freeze (safe; 1% risk of failure)
Press: ? - help, Shift-Dir - straight line, f - giant cockroach
Aim: a giant cockroach You freeze the giant cockroach!
You kill the giant cockroach!
Makhleb accepts your kill. The hobgoblin hits you.
* * * LOW HITPOINT WARNING * * *
The quokka bites you but does no damage.
The hobgoblin hits you.
You die...

.# #...# #.#.#...#.# #.# .# #...#
#.#.#.#.#.# #.# .# #...#
#.#.#.#.#'###.# .# #...#
#.#.#.#....##.#
.#######'#####.#.#.#....##.#
.................#.#....##.#
#######..#######.#.#.#+###.#
<######....##...g..........#
......#........†@#.#.#.#####
'####+#........)rg.....##########
.................................
....#......#####.###.############
....#.............##.##........##
....#.........##.###(.#........#.
......#.#......................#.
....#.#.#..######.P....PP......+.
....#.#.#..# #..♣...♣.......#.


You could see a quokka and 2 hobgoblins.

Vanquished Creatures
  A gnoll (D:1)
  A dart slug (D:1)
  5 bats (D:1)
  3 endoplasms (D:1)
  3 giant cockroaches (D:1)
  3 goblins (D:1)
  2 hobgoblins (D:1)
  2 kobolds (D:1)
  A quokka (D:1)
  4 ball pythons (D:1)
  4 frilled lizards (D:1)
  3 rats (D:1)
32 creatures vanquished.

Vanquished Creatures (others)
  2 fungi (D:1)
  2 plants (D:1)
4 creatures vanquished.

Grand Total: 36 creatures vanquished

Notes
Turn   | Place    | Note
-------+----------+-------------------------------------------
     0 | D:1      | Bruhh the Barachi Ice Elementalist began the quest for the
                  | Orb.
     0 | D:1      | Reached XP level 1. HP: 13/13 MP: 3/3
    85 | D:1      | Reached skill level 5 in Ice Magic
   121 | D:1      | Reached XP level 2. HP: 18/19 MP: 0/5
   288 | D:1      | Found a faded altar of an unknown god.
   421 | D:1      | Prayed at the altar of an unknown god.
   421 | D:1      | Became a worshipper of Makhleb the Destroyer
   421 | D:1      | Reached * piety under Makhleb
   808 | D:1      | Reached XP level 3. HP: 23/24 MP: 5/7
  1426 | D:1      | Slain by a hobgoblin

Illustrated notes

Levels and vault maps discovered:
D:1:      minmay_arrival_three_doors, layout_basic,
          dreamdust_ecumenical_altar_grove, minivault_14, amethyst_killhole,
          st_stairs_3, wander_ebering_terrifying_dragon_lair
D:2:      layout_rooms, uniq_robin

Skill      XL: |  1  2 |
---------------+-------+-----
Ice Magic      | 5 |  5.0
Spellcasting   | 3 |  3.9
Dodging        | |  2.1
Stealth        | |  1.7

Action                   || total
-------------------------++-------
Melee: Unarmed           ||    14
       Hand axe          ||     9
 Cast: Freeze            ||    39
Armor: Robe              ||    21
Dodge: Dodged            ||    53

Table legend: (Time is in decaauts)
 A = Elapsed time spent in this place.
 B = Non-inter-level travel time spent in this place.
 C = Inter-level travel time spent in this place.
 D = Time resting spent in this place.
 E = Time spent auto-exploring this place.
 F = Levels seen in this place.
 G = Mean time per level.
                   A        B        C        D        E       F      G
               +--------+--------+--------+--------+--------+-----+--------+
         Total |   1589 |   1528 |     61 |      0 |   1265 |   2 |  794.5 |
       Dungeon |   1589 |   1528 |     61 |      0 |   1265 |   2 |  794.5 |
               +--------+--------+--------+--------+--------+-----+--------+

Top non-repeatable levels by time:
     D:1: 1583 daAuts
     D:2: 5 daAuts
